AoeStats
← zlotoj

Arabia

510745914Analyzed
1v1 RM · 12h ago on Oct 2, 2026· 47m 46s· 2 players
Game mode
Random Map
Map size
Tiny (2 player)
Population
200
Speed
Normal
Resources
Standard
Victory
Conquest
Starting age
Dark Age
Ending age
Imperial Age
RankedLock teamsTeams togetherTeam positionsShared explorationLock speedFull tech treeHidden civsTurbo modeCheats
Victory
Defeat
🇫🇷 Magyars · France
677
+14
🇵🇱 Vietnamese · Poland
628
-14
zlotoj
11:07 Feudal Age
9:35 Loom
16:28 Castle Age
14:22 Double-Bit Axe
31:39 Horse Collar
33:13 Scale Barding Armor
33:14 Husbandry
33:32 Bloodlines
35:24 Chain Barding Armor
42:17 Imperial Age
42:39 Elite Battle Elephant
44:37 Cavalier
jj.astrie
7:03 Loom
9:49 Feudal Age
10:40 Double-Bit Axe
10:36 Horse Collar
16:12 Scale Barding Armor
17:12 Wheelbarrow
18:03 Gold Mining
19:25 Bloodlines
24:00 Castle Age
22:01 Stone Mining
25:21 Bow Saw
25:24 Heavy Plow
25:49 Thumb Ring
27:31 Husbandry
29:10 Gold Shaft Mining
31:01 Hand Cart
31:54 Chain Barding Armor
31:25 Fletching
31:35 Padded Archer Armor
33:10 Murder Holes
33:36 Ballistics
33:45 Corvinian Army
38:10 Town Watch
40:21 Bodkin Arrow
40:41 Leather Archer Armor
44:12 Imperial Age
44:18 Heavy Scorpion
44:52 Elite Magyar Huszar
45:54 Conscription
45:36 Recurve Bow
46:00 Conscription
46:47 Chemistry
Connection lost

Rejoining the realm…

Still unreachable

The connection could not be restored.

Session expired

The server has moved on; the page needs a fresh start.